Map: Lightshade LE

Players

Throwfordays - Winner!

  • Race: Terran Terran
  • League: Silver

Elveterano

  • Race: Terran Terran
  • League: Gold

VOD

Have the link to the VOD?

Description

Time

  • Played on: Aug. 27, 2021, 1:39 p.m.
  • Length: 15:56
Show
View Real Time Build Order
Export as new Build Order

Throwfordays Terran - Winner!

Build Orders:  

Get SALT Encoding   

  12  0:01  SCV  
  13  0:13  SCV  
  14  0:19  Supply Depot  
  14  0:25  SCV  
  15  0:42  Barracks  
  15  0:47  SCV  
  15  0:49  Supply Depot  
  16  0:54  Refinery  
  16  1:00  Refinery  
  17  1:04  SCV  
  17  1:16  SCV  
  18  1:28  SCV  
  19  1:36  Reaper, Barracks  
  20  1:40  SCV  
  21  1:52  SCV  
  22  2:04  SCV  
  22  2:08  Reaper  
  24  2:16  SCV  
  25  2:23  Reaper  
  25  2:25  Barracks  
  26  2:56  Reaper x2  
  28  3:17  Barracks Reactor  
  28  3:22  Barracks  
  28  3:32  Barracks Reactor  
  28  3:40  Barracks Reactor  
  27  3:58  Reaper  
  27  3:59  Reaper  
  29  4:14  Reaper  
  29  4:15  Reaper  
  31  4:25  Supply Depot  
  31  4:27  Supply Depot  
  31  4:35  Reaper x2  
  31  4:47  Reaper x3  
  31  4:51  Supply Depot  
  34  4:53  Supply Depot  
  34  6:08  Marine x7  
  41  6:16  Supply Depot  
  41  6:18  Supply Depot  
  41  6:20  Supply Depot  
  41  6:25  Marine  
  41  6:26  Marine x6  
  48  6:43  Marine x3  
  48  6:44  Marine x4  
  55  7:01  Marine x4  
  55  7:02  Marine x3  
  62  7:20  Marine  
  40  8:13  Marine x7  
  39  8:31  Marine x7  
  45  8:49  Marine x7  
  51  8:56  Factory  
  48  9:26  Command Center  
  48  9:35  Orbital Command  
  48  9:37  Barracks Tech Lab  
  48  9:41  Marine x2  
  48  9:42  Factory Tech Lab  
  50  9:59  Factory  
  50  10:02  Siege Tank  
  53  10:20  SCV  
  54  10:32  SCV  
  54  10:34  Siege Tank  
  58  10:42  Supply Depot  
  58  10:44  SCV  
  59  10:54  Factory Tech Lab  
  59  10:56  SCV  
  60  10:57  Factory  
  60  11:03  SCV  
  61  11:06  Siege Tank  
  61  11:08  SCV  
  61  11:09  Refinery  
  61  11:11  Refinery  
  65  11:13  Siege Tank  
  65  11:15  SCV  
  69  11:28  SCV  
  70  11:40  SCV  
  70  11:52  SCV  
  70  11:57  Siege Tank  
  70  11:58  Siege Tank, Factory Tech Lab  
  62  14:16  Starport  
  62  14:56  Viking  
  62  14:59  Starport  
  64  15:13  Siege Tank x3  
Show
View Real Time Build Order
Export as new Build Order

Elveterano Terran 

Build Orders:  

Get SALT Encoding   

  12  0:01  SCV  
  13  0:16  Supply Depot  
  13  0:19  SCV  
  14  0:32  SCV  
  15  0:42  Barracks  
  15  0:44  SCV  
  15  0:49  Supply Depot  
  16  0:53  Refinery  
  16  1:00  Refinery  
  16  1:03  SCV  
  17  1:27  SCV  
  18  1:38  Barracks  
  18  1:39  SCV  
  19  1:40  Barracks Reactor  
  19  1:48  Supply Depot  
  19  1:51  SCV  
  20  2:03  SCV  
  21  2:14  Factory  
  21  2:15  SCV  
  22  2:26  Barracks Tech Lab, Engineering Bay  
  22  2:29  Marine x2  
  23  2:47  Marine  
  23  2:56  SCV  
  24  3:08  SCV  
  25  3:24  Marine  
  25  3:25  Marine x2  
  28  3:31  Supply Depot  
  28  3:42  Marine  
  28  3:43  Factory Reactor  
  28  3:48  Starport  
  26  3:56  Planetary Fortress  
  22  4:17  Factory Reactor  
  15  4:35  SCV  
  14  4:44  Marine x3  
  17  4:45  Factory Reactor  
  17  4:47  SCV  
  18  4:59  SCV  
  19  5:01  Marine  
  19  5:02  Marine x2  
  22  5:07  Neosteel Armor  
  22  5:11  SCV  
  23  5:23  SCV  
  23  5:35  SCV  
  24  5:44  Hellion  
  24  5:47  SCV  
  29  5:52  Barracks Reactor, Hellion  
  29  5:53  Supply Depot  
  29  5:54  Barracks Reactor  
  29  6:13  Hellion  
  31  6:22  Supply Depot  
  27  6:35  Hellion  
  27  6:36  Marine x4  
  33  6:50  Supply Depot  
  33  6:53  Marine  
  33  6:54  Marine x3  
  37  7:08  Factory Tech Lab  
  32  7:11  Marine x2  
  32  7:12  Marine x2  
  32  7:25  Factory Tech Lab  
  31  7:47  Siege Tank  
  27  8:14  Command Center  
  27  8:42  Supply Depot  
  27  8:45  Siege Tank  
  27  8:47  Barracks Reactor  
  27  9:17  Barracks Reactor  
  27  9:32  Marine x2  
  27  9:38  SCV  
  30  9:49  Missile Turret  
  30  9:50  Marine x2, SCV  
  33  9:54  Siege Tank  
  36  10:02  SCV  
  37  10:08  Marine x2  
  37  10:13  SCV  
  40  10:14  SCV  
  41  10:25  Marine x2, SCV  
  41  10:26  SCV  
  45  10:31  Widow Mine  
  47  10:39  SCV  
  48  10:51  SCV  
  48  10:53  Widow Mine  
  48  10:54  Refinery  
  51  10:57  Refinery  
  51  11:03  SCV  
  52  11:14  Widow Mine  
  52  11:15  SCV  
  53  11:27  SCV  
  54  11:36  Widow Mine  
  54  11:39  SCV  
  54  11:51  SCV  
  55  11:57  Widow Mine  
  57  12:03  SCV  
  57  12:07  Barracks  
  58  12:13  Barracks Tech Lab  
  56  12:15  SCV  
  49  12:38  Orbital Command  
  49  12:45  Barracks  
  49  12:46  Barracks x2  
  49  12:53  Supply Depot x2  
  49  12:54  Supply Depot  
  49  12:56  Supply Depot  
  49  12:58  Supply Depot  
  32  13:18  SCV  
  20  13:30  SCV  
  19  13:35  Barracks Reactor x3  
  19  13:42  SCV  
  20  13:59  SCV  
  21  14:12  SCV  
  21  14:13  Command Center  
  22  14:17  Command Center  
  22  14:20  Marine x4  
  22  14:21  Marine x2  
  28  14:38  Marine x5  
  26  14:39  Marine  
  32  14:56  Marine x6  
  38  15:14  Marine x6  
  44  15:31  Marine x2  
  44  15:32  Marine x4  
Tags
 
Matchup
TvT
Race
Terran
Replay Pack
Multiplayer
Add a new tag
Caveats
  • Supply blocks, unpowered buildings, or Contaminate may cause inaccurate times.
  • Supply counts are checked every 10 seconds.